 Dungeon Crawl Stone Soup version 0.26.1-11-gd32895ea62 (webtiles) character file.

Game seed: 17055186707506744286

72 ubername the Chiller (level 4, -1/31 HPs)
             Began as a Barachi Ice Elementalist on June 4, 2021.
             Succumbed to hobgoblin's curare-tipped dart
             ... on level 2 of the Dungeon.
             The game lasted 00:08:02 (2538 turns).

ubername the Chiller (Barachi Ice Elementalist)     Turns: 2538, Time: 00:08:02

Health: -1/31      AC:  4    Str: 10    XL:     4   Next: 26%
Magic:  7/8        EV: 13    Int: 16    God:
Gold:   102        SH:  0    Dex: 12    Spells: 7/8 levels left

rFire    . . .     SeeInvis .   b - +3 hunting sling
rCold    . . .     Faith    .   (no shield)
rNeg     . . .     Spirit   .   g - +0 robe
rPois    .         Reflect  .   o - +0 helmet
rElec    .         Harm     .   (no cloak)
rCorr    .         Rampage  .   d - +0 pair of gloves
Will     .....                  (no boots)
Stlth    ++........             (no amulet)
HPRegen  0.10/turn              (no ring)
MPRegen  0.11/turn              (no ring)

@: lethally poisoned (-1 -> -33), slowed, very slow
A: +LOS, swims, slowness 1, strong legs 1
a: Hop


You were on level 2 of the Dungeon.
You visited 1 branch of the dungeon, and saw 2 of its levels.

You collected 102 gold pieces.

Inventory:

Hand Weapons
 a - a +0 club
 b - a +3 hunting sling (weapon)
Missiles
 h - 11 sling bullets (quivered ammo)
 i - 60 stones
Armour
 d - a +0 pair of gloves (worn)
 g - a +0 robe (worn)
 o - a +0 helmet (worn)
Wands
 c - a wand of polymorph (12)
Scrolls
 e - a scroll of teleportation
 n - 2 scrolls of magic mapping
Potions
 f - a potion of berserk rage {unknown}
 j - a potion of curing {unknown}
 k - 2 potions of mutation {unknown}
 l - a potion of heal wounds {unknown}
 m - a potion of cancellation {unknown}


   Skills:
 - Level 0.4 Fighting
 + Level 0.1 Slings
 * Level 2.7 Dodging
 + Level 2.0 Stealth
 * Level 2.9 Spellcasting
 + Level 5.8 Ice Magic


You had 7 spell levels left.
You knew the following spells:

 Your Spells              Type           Power        Failure   Level
a - Freeze                Ice            84%          1%          1

Your spell library contained the following spells:

 Spells                   Type           Power        Failure   Level
 Frozen Ramparts          Ice            42%          4%          3
 Ozocubu's Armour         Ice            21%          4%          3
 Hailstorm                Conj/Ice       11%          50%         4
 Summon Ice Beast         Ice/Summ       11%          50%         4


Dungeon Overview and Level Annotations

Branches:
Dungeon (2/15)

Altars:


Innate Abilities, Weirdness & Mutations

You can be seen from farther away. (+LOS)
You can swim through water.
You cover ground slowly.
You can hop short distances.


Message History

The curare-tipped dart hits you.
You are more poisoned.
You have difficulty breathing.
* * * LOW HITPOINT WARNING * * *
You feel as though you will be slow longer.
The hobgoblin throws a curare-tipped dart.
The curare-tipped dart barely misses you.
* * * LOW HITPOINT WARNING * * *
You feel very sick. The hobgoblin barely misses you.
Things that are here:
a +0 short sword; a kobold corpse
Casting: Freeze (safe; 1% risk of failure)
Confirm with . or Enter, or press ? or * to list all spells.
Aiming: Freeze (safe; 1% risk of failure)
Press: ? - help, Shift-Dir - straight line, f/p - hobgoblin
Aim: a hobgoblin, wearing a +0 ring mail (lightly wounded)
You freeze the hobgoblin!
You kill the hobgoblin!
You die...

..#####..## ...K.
.........(# ......
..........###.......
.................(g.
..........#####.#..#
#...###.##.#
......#.##(# #
#.#.#.#.##[#
#.#.#.#.#.##@#
.##.#.#.#.#.##(#
...........##.#
#.##>#.......†.(#
...............### .
.#.####.#.##÷#
...#.####.#.##.#######
.#....................
.....#.####.#.########


There were no monsters in sight!

Vanquished Creatures
  Robin (D:2)
  An adder (D:2)
  A worm (D:2)
  A dart slug (D:1)
  3 bats
  A giant cockroach (D:1)
  9 goblins
  9 hobgoblins
  4 jackals (D:1)
  4 kobolds
  5 frilled lizards
  4 rats (D:2)
43 creatures vanquished.

Notes
Turn   | Place    | Note
-------+----------+-------------------------------------------
     0 | D:1      | ubername the Barachi Ice Elementalist began the quest for
                  | the Orb.
     0 | D:1      | Reached XP level 1. HP: 13/13 MP: 3/3
   105 | D:1      | Reached skill level 5 in Ice Magic
   361 | D:1      | Reached XP level 2. HP: 15/19 MP: 1/5
  1099 | D:1      | Reached XP level 3. HP: 18/24 MP: 2/6
  1885 | D:2      | Noticed Robin
  1903 | D:2      | Killed Robin
  1904 | D:2      | Reached XP level 4. HP: 31/31 MP: 3/8
  2538 | D:2      | Succumbed to hobgoblin's curare-tipped dart

Illustrated notes

Levels and vault maps discovered:
D:1:      minmay_arrival_nine_rooms, layout_loops_ring
D:2:      layout_loops_ring, chequers_temple_overflow_statue_of_worship,
          uniq_sigmund, uniq_robin

Skill      XL: |  1  2 |
---------------+-------+-----
Ice Magic      | 5 |  5.8
Stealth        | 2 |  2.0
Fighting       | |  0.4
Slings         | |  0.1
Dodging        | |  2.7
Spellcasting   | |  2.9

Action                   |  1- 3 |  4- 6 || total
-------------------------+-------+-------++-------
Melee: Club              |    25 |       ||    25
 Fire: Hunting sling     |     4 |    17 ||    21
 Cast: Freeze            |    41 |     6 ||    47
  Use: Scroll            |     1 |     1 ||     2
       Potion            |       |     1 ||     1
Armor: Robe              |    12 |       ||    12
Dodge: Dodged            |    34 |     5 ||    39
